 Dungeon Crawl Stone Soup version 0.30.0-30-g96aa6591b8 (webtiles) character file.

Game seed: 985920177293717190

2493 Heoruswealwe the Thaumaturge (level 9, -5/45 HPs)
             Began as a Deep Elf Conjurer on June 27, 2023.
             Was a Follower of Vehumet.
             Killed by an exploding hornet (24 damage)
             ... ignited by their inner flame
             ... on level 7 of the Dungeon on June 28, 2023.
             The game lasted 01:24:18 (5137 turns).

Heoruswealwe the Thaumaturge (Deep Elf Conjurer)    Turns: 5137, Time: 01:24:18

Health: -5/45      AC:  3    Str:  4    XL:     9   Next: 27%
Magic:  22/35      EV: 12    Int: 28    God:    Vehumet [*.....]
Gold:   240        SH:  0    Dex: 13    Spells: 16/31 levels left

rFire   . . .        (no weapon)
rCold   . . .        (no shield)
rNeg    . . .        c - +0 robe
rPois   +            g - +0 helmet
rElec   .            (no cloak)
rCorr   .            (no gloves)
SInv    .            (no boots)
Will    .....        (no amulet)
Stlth   ++           k - ring of poison resistance
HPRegen 0.27/turn    j - ring of magical power
MPRegen 0.24/turn

%: no passive effects
@: lethally poisoned (-5 -> -8)
A: no striking features
a: Renounce Religion


You were on level 7 of the Dungeon.
You worshipped Vehumet.
Vehumet was aware of your devotion.
You visited 2 branches of the dungeon, and saw 8 of its levels.

You collected 480 gold pieces.
You spent 240 gold pieces at shops.

Inventory:

Armour
 c - a +0 robe (worn)
 g - a +0 helmet (worn)
 i - a +0 robe
 s - +0 swamp dragon scales
 B - a +0 robe
 C - a +0 robe
Jewellery
 j - a ring of magical power (right hand)
 k - a ring of poison resistance (left hand)
Wands
 o - a wand of flame (64)
Scrolls
 d - 2 scrolls of poison
 e - 6 scrolls of enchant armour
 f - a scroll of immolation
 h - a scroll of fear
 m - a scroll of enchant weapon
 n - 3 scrolls of fog {unknown}
 r - 2 scrolls of teleportation
 t - 2 scrolls of amnesia {unknown}
 u - a scroll of magic mapping
 v - a scroll of butterflies {unknown}
Potions
 a - a potion of haste {unknown}
 b - a potion of flight {unknown}
 l - 2 potions of brilliance {unknown}
 p - 2 potions of heal wounds {unknown}
 q - a potion of mutation {unknown}
 w - a potion of magic
 x - 3 potions of attraction {unknown}
 y - 2 potions of curing {unknown}
 z - a potion of degeneration {unknown}
 A - a potion of invisibility {unknown}


   Skills:
 - Level 2.4 Dodging
 - Level 2.4 Stealth
 + Level 11.9 Spellcasting
 + Level 10.7 Conjurations


You had 16 spell levels left.
You knew the following spells:

 Your Spells              Type           Power      Damage    Failure   Level
a - Magic Dart            Conj           100%       1d8       1%          1
b - Foxfire               Conj/Fire      100%       2x1d9     1%          1
c - Searing Ray           Conj           100%       2d8       1%          2
d - Dazzling Flash        Conj/Hex       92%        N/A       1%          3
e - Iskenderun's Mystic   Conj/Tloc      46%        2d10      3%          4
f - Fulminant Prism       Conj/Hex       23%        3d12      3%          4

Your spell library contained the following spells:

 Spells                   Type           Power      Damage    Failure   Level
 Slow                     Hex            64%        N/A       3%          1
 Lesser Beckoning         Tloc           32%        N/A       4%          2
 Confusing Touch          Hex            16%        N/A       10%         3
 Gell's Gravitas          Tloc           16%        N/A       10%         3
 Teleport Other           Tloc           16%        N/A       10%         3
 Vampiric Draining        Necr           16%        2d7       10%         3
 Leda's Liquefaction      Hex/Erth       8%         N/A       32%         4
 Lee's Rapid Deconstruct  Erth           8%         3d7*      67%         5
 Statue Form              Tmut/Erth      10%        N/A       99%         6


Dungeon Overview and Level Annotations

Branches:
Dungeon (7/15)             Temple (1/1) D:4

Altars:
Ashenzari
Cheibriados
Dithmenos
Elyvilon
Fedhas
Gozag
Hepliaklqana
Kikubaaqudgha
Makhleb
Nemelex Xobeh
Okawaru
Qazlal
Ru
Sif Muna
Trog
Vehumet
Wu Jian
Xom
Yredelemnul
Zin
The Shining One

Shops:
D:1 ?


Message History

Really read the scroll of immolation?
As you read the scroll of immolation, it crumbles to dust.
The creatures around you are filled with an inner flame!
The gnoll shouts!
A gnoll comes into view. It is wielding a +0 club.
A gnoll bouda comes into view. It is wielding a +0 whip.
The magic dart hits the hornet.
Flame seeps out of the hornet.
The hornet is lightly wounded.
The hornet is engulfed in blazing flames.
Flame seeps out of the hornet.
A scorpion comes into view.
Okay, then.
You see here a scroll of vulnerability.
The hornet attacks as you move away! The hornet stings you!
You are poisoned.
You feel yourself slow down.
You feel yourself speed up.
You feel sick. The hornet barely misses you.
Casting: Magic Dart (safe; 1% risk of failure)
Confirm with . or Enter, or press ? or * to list all spells.
Aiming: Searing Ray (safe; 1% risk of failure)
Press: ? - help, Shift-Dir - straight line, f/p - hornet
Aim: a hornet (moderately wounded, inner flame, 74% to hit)
The searing ray hits the hornet.
Flame seeps out of the hornet.
The hornet is moderately wounded. (Press . to maintain the ray.)
You feel sick.
The hornet is engulfed in blazing flames.
Flame seeps out of the hornet.
The hornet misses you.
The searing ray hits the hornet but does no damage.
The hornet is severely wounded.
You feel sick.
The hornet is engulfed in blazing flames.
Flame seeps out of the hornet.
The hornet stings you.
The hornet is engulfed in blazing flames.
Vehumet accepts your kill.
The hornet explodes!
The fiery explosion engulfs you!!
Ouch! That really hurt!
You die...

#.. ..# ..# #.# #. ##.#
#s.g##..# ..gK.g.)# ..
#§#### #.# #)○@.# #.####
#§##...........#
#..########.##.#
#....>...##.##.#
.......######.##.##.#####
......## #.<..........
...### ####.##.##### ..
#.##.# # . #######.##.# #


You could see a gnoll (inner flame).

Vanquished Creatures
  A hornet (D:7)
  Grinder (D:5)
  Sigmund (D:5)
  6 yaks (D:5)
  A black bear (D:6)
  3 ogres
  A phantom (D:5)
  A kobold brigand (D:7)
  Blork the orc (D:4)
  A bullfrog (D:6)
  3 scorpions
  A gnoll bouda (D:6)
  An orc priest (D:4)
  A sleepcap (D:5)
  Jessica (D:2)
  4 iguanas
  Ijyb (D:4)
  An orc wizard (D:6)
  3 gnolls (D:6)
  8 adders
  A white imp (D:6)
  2 ufetubi
  3 worms
  3 dart slugs
  11 orcs
  6 bats
  9 endoplasms
  A giant cockroach (D:1)
  10 goblins
  5 hobgoblins
  9 jackals
  5 quokkas
  9 ball pythons
  4 frilled lizards
  11 kobolds
  4 rats
134 creatures vanquished.

Notes
Turn   | Place    | Note
-------+----------+-------------------------------------------
     0 | D:1      | Heoruswealwe the Deep Elf Conjurer began the quest for the
                  | Orb.
     0 | D:1      | Reached XP level 1. HP: 10/10 MP: 6/6
   303 | D:1      | Reached XP level 2. HP: 15/15 MP: 3/8
   306 | D:1      | Learned a level 2 spell: Searing Ray
   402 | D:1      | Found The Oracle's Delphic Readings.
   428 | D:1      | Bought a scroll of identify for 20 gold pieces
   653 | D:1      | Found a faded altar of an unknown god.
   906 | D:1      | Bought a scroll of identify for 20 gold pieces
  1223 | D:2      | Reached skill level 4 in Spellcasting
  1303 | D:1      | Bought a scroll of identify for 20 gold pieces
  1461 | D:2      | Reached skill level 5 in Conjurations
  1461 | D:2      | Reached XP level 3. HP: 19/19 MP: 8/10
  1465 | D:2      | Learned a level 3 spell: Dazzling Flash
  1590 | D:2      | Noticed Jessica
  1593 | D:2      | Killed Jessica
  1594 | D:2      | Reached XP level 4. HP: 24/24 MP: 6/12
  1599 | D:2      | Learned a level 4 spell: Fulminant Prism
  1717 | D:3      | Noticed an ogre
  1724 | D:3      | Killed an ogre
  1725 | D:3      | Reached skill level 5 in Spellcasting
  1725 | D:3      | Reached XP level 5. HP: 28/28 MP: 1/15
  1737 | D:3      | Learned a level 4 spell: Iskenderun's Mystic Blast
  1982 | D:3      | Reached skill level 6 in Spellcasting
  2146 | D:3      | Found a bloodstained altar of Trog.
  2436 | D:4      | Reached XP level 6. HP: 32/32 MP: 17/17
  2692 | D:4      | Noticed Ijyb
  2702 | D:4      | Killed Ijyb
  2714 | D:4      | Found a staircase to the Ecumenical Temple.
  2743 | Temple   | Entered the Ecumenical Temple
  2897 | Temple   | Became a worshipper of Vehumet
  2988 | D:4      | Found an ornate altar of the Wu Jian Council.
  2994 | D:4      | Found a shimmering blue altar of Sif Muna.
  3025 | D:4      | Reached skill level 7 in Spellcasting
  3127 | D:4      | Noticed Blork the orc
  3136 | D:4      | Killed Blork the orc
  3137 | D:4      | Reached XP level 7. HP: 19/36 MP: 19/19
  3254 | D:5      | Entered Level 5 of the Dungeon
  3361 | D:5      | Reached skill level 8 in Spellcasting
  3502 | D:5      | Noticed Sigmund
  3513 | D:5      | Killed Sigmund
  3546 | D:5      | Noticed Grinder
  3557 | D:5      | Reached skill level 9 in Spellcasting
  3560 | D:5      | Killed Grinder
  3561 | D:5      | Reached XP level 8. HP: 6/41 MP: 10/23
  3749 | D:5      | Reached * piety under Vehumet
  3749 | D:5      | Offered knowledge of Foxfire by Vehumet.
  3753 | D:5      | Reached skill level 10 in Spellcasting
  3761 | D:5      | Reached skill level 11 in Spellcasting
  3761 | D:5      | Reached skill level 10 in Conjurations
  3763 | D:5      | Reached XP level 9. HP: 23/45 MP: 11/26
  3771 | D:5      | Learned a level 1 spell: Foxfire
  4021 | D:1      | Bought a scroll of enchant armour for 75 gold pieces
  4021 | D:1      | Bought a scroll of teleportation for 30 gold pieces
  4021 | D:1      | Bought a scroll of enchant armour for 75 gold pieces
  4993 | D:7      | Found a basalt altar of Yredelemnul.
  5050 | D:7      | Found a white marble altar of Elyvilon.
  5137 | D:7      | Killed by an exploding hornet... ignited by their inner
                  | flame

Illustrated notes

Levels and vault maps discovered:
D:1:      dpeg_arrival_oval, layout_basic, chequers_ecumenical_altar_grove,
          nicolae_nh_oracle_at_delphi
D:2:      layout_basic, uniq_jessica
D:3:      minmay_octagon_keep, layout_basic, marbit_many_paths,
          hangedman_abyss_or_decor_stabs
D:4:      layout_rooms, mainiacjoe_overflow_large_starburst,
          minmay_temple_entry_poolview, uniq_ijyb, uniq_blork_the_orc
D:5:      layout_loops_ring, uniq_sigmund, uniq_grinder
D:6:      layout_gridville, kennysheep_generic_room_16
D:7:      layout_loops_ring, kennysheep_ying_yang, enter_ossuary_2
Temple:   eino_temple_scatter_basement

Skill      XL: |  1  2  3  4  5  6  7  8 |
---------------+-------------------------+-----
Spellcasting   | 4 5 6 7 9 11 | 11.9
Conjurations   | 5 6 7 8 10 | 10.7
Dodging        | |  2.4
Stealth        | |  2.4

Action                     |  1- 3 |  4- 6 |  7- 9 || total
---------------------------+-------+-------+-------++-------
   Cast: Magic Dart        |    60 |   115 |    65 ||   240
         Searing Ray       |       |     8 |    24 ||    32
    Use: Scroll            |     4 |       |     6 ||    10
         Potion            |       |     3 |     1 ||     4
 Armour: Robe              |     4 |       |     2 ||     6
         Skin              |       |     2 |     4 ||     6
  Dodge: Dodged            |     9 |     7 |    14 ||    30
